 Dungeon Crawl Stone Soup version 0.25.1-8-g42b30a86e7 (webtiles) character file.

Game seed: 9698547297888072155

355938 Clowwww the Warrior (level 21, -42/276 HPs)
             Began as a Demonspawn Fighter on Dec 19, 2020.
             Was a High Priest of Trog.
             Killed from afar by an ancient lich (64 damage)
             ... with a bolt of acid
             ... on level 4 of the Vaults.
             The game lasted 02:49:58 (53557 turns).

Clowwww the Warrior (Demonspawn Fighter)           Turns: 53557, Time: 02:49:59

Health: -42/276    AC: 43    Str: 28    XL:     21   Next: 69%
Magic:  22/22      EV: 12    Int: 10    God:    Trog [*****.]
Gold:   416        SH: 22    Dex: 18    Spells: 20/20 levels left

rFire    + + .     SeeInvis +   b - +4 war axe "Uhyhakk" {flame, rElec rF- rN+++ Str+4}
rCold    + . .     Gourm    .   c - +1 kite shield
rNeg     + + +     Faith    .   H - +8 plate armour {MR+}
rPois    .         Spirit   .   (helmet unavailable)
rElec    +         Reflect  +   z - scarf {rC+ rF+}
rCorr    .         Harm     .   q - +0 pair of fencer's gloves {Riposte Dex+3}
MR       +++++     NoCast   +   i - +4 pair of boots "Fofin" {-Cast +Blink rF+ Stlth+}
Stlth    ..........             L - amulet of reflection
HPRegen  1.56/turn              h - ring of protection from magic
MPRegen  0.18/turn              O - ring "Ruidek" {rF+ Dex+2}

@: berserking (expiring), sanguine armour, regenerating, very quick
A: antennae 3, demonic guardian 2, dopey 1, nightstalker 2, augmentation 2,
sanguine armour 3
}: 1/15 runes: serpentine
a: Berserk, Trog's Hand, Brothers in Arms, Renounce Religion, Evoke Blink


You were on level 4 of the Vaults.
You worshipped Trog.
Trog was extremely pleased with you.
You were near starving.

You visited 6 branches of the dungeon, and saw 35 of its levels.
You visited 2 bazaars.
You also visited: Sewer, Gauntlet and Volcano.

You collected 6753 gold pieces.
You spent 6337 gold pieces at shops.

Inventory:

Hand Weapons
 b - the +4 war axe "Uhyhakk" (weapon) {flame, rElec rF- rN+++ Str+4}
   (You bought it in a shop on level 10 of the Dungeon)

   It has been specially enchanted to burn those struck by it, causing extra
   injury to most foes and up to half again as much damage against particularly
   susceptible opponents.
   Big, fiery blades are also staple armaments of hydra-hunters.
   It affects your strength (+4).
   It makes you vulnerable to fire.
   It insulates you from electricity.
   It renders you almost immune to negative energy.
 Z - the +8 hand axe of the Blind Eye {freeze, MR+ Int+4 Dex+4}
   (You took it off a yaktaur on level 1 of the Vaults)

   It has been specially enchanted to freeze those struck by it, causing extra
   injury to most foes and up to half again as much damage against particularly
   susceptible opponents.
   It can also slow down cold-blooded creatures.
   It affects your intelligence (+4).
   It affects your dexterity (+4).
   It affects your resistance to hostile enchantments.
Missiles
 A - 4 throwing nets
 I - 25 boomerangs (quivered)
Armour
 c - a +1 kite shield (worn)
 i - the +4 pair of boots "Fofin" (worn) {-Cast +Blink rF+ Stlth+}
   (You found it on level 11 of the Dungeon)

   It protects you from fire.
   It lets you blink.
   It prevents spellcasting.
   It makes you more stealthy.
 q - the +0 pair of fencer's gloves (worn) {Riposte Dex+3}
   (You bought it in a shop on level 2 of the Vaults)

   It affects your dexterity (+3).
 z - a scarf of resistance (worn)
 H - a +8 plate armour of magic resistance (worn)
Jewellery
 a - an uncursed ring of resist corrosion
 d - an uncursed ring of poison resistance
 h - a ring of protection from magic (left hand)
 j - an uncursed ring of flight
 w - an uncursed ring of positive energy
 L - an amulet of reflection (around neck)
 O - the ring "Ruidek" (right hand) {rF+ Dex+2}
   (You found it in a Gauntlet)

   [ring of protection from fire]

   It affects your dexterity (+2).
   It protects you from fire.
 U - an uncursed ring of protection from fire
Wands
 v - a wand of acid (30)
 F - a wand of digging (16)
 K - a wand of iceblast (43)
 M - a wand of clouds (5)
Scrolls
 k - 24 scrolls of remove curse
 l - 6 scrolls of fear
 o - 31 scrolls of teleportation
 y - 3 scrolls of immolation
 B - 8 scrolls of magic mapping
 N - a scroll of brand weapon
 Q - 2 scrolls of silence
 T - 5 scrolls of identify
 V - 4 scrolls of fog
Potions
 e - 7 potions of heal wounds
 m - 29 potions of curing
 n - 3 potions of invisibility
 r - 10 potions of might
 s - 11 potions of flight
 t - 5 potions of haste
 u - 3 potions of resistance
 x - 4 potions of cancellation
 C - 2 potions of ambrosia
 G - 8 potions of stabbing
 S - 2 potions of magic
Comestibles
 f - 63 rations


   Skills:
 + Level 20.3 Fighting
 + Level 19.6 Axes
 + Level 3.7 Throwing
 + Level 14.6 Armour
 + Level 5.9 Dodging
 + Level 9.9 Stealth
 + Level 17.1 Shields
 + Level 1.5 Evocations


You had 20 spell levels left.
You didn't know any spells.
Your spell library was empty.

Dungeon Overview and Level Annotations

Branches:
Dungeon (15/15)            Temple (0/1) D:4            Lair (6/6) D:8
 Shoals (0/4) Lair:4        Snake (4/4) Lair:3        Slime (0/5) Lair:6
    Orc (2/2) D:11            Elf (3/3) Orc:2        Vaults (5/5) D:13
  Crypt (0/3) Vaults:3     Depths (0/5) D:15          Sewer (visited)
Volcano (visited)         Gauntlet (visited)

Altars:
Cheibriados
Dithmenos
Elyvilon
Fedhas
Gozag
Hepliaklqana
Kikubaaqudgha
Nemelex Xobeh
Okawaru
Qazlal
Ru
Sif Muna
Trog
Wu Jian
Xom
Yredelemnul
Zin
Beogh
Jiyva

Shops:
D:7 *   D:8 :   D:10 (   D:14 =   Orc:2 [:[(:   Snake:3 }}=*   Vaults:1 :
Vaults:2 [   Vaults:3 [[

Annotations:
Snake:4 1 runed translucent door, execc's ghost, adept CeBe


Innate Abilities, Weirdness & Mutations

You have a pair of large antennae on your head. (SInv)
A demonic guardian rushes to your aid.
You are significantly more attuned to the shadows.
Your magical and physical power is enhanced at high health.
When seriously injured, your bleeding wounds create very thick armour. (AC +12)
You are dopey. (Int -2)


Message History

Trog accepts your kill.
Trog appreciates your killing of a magic user.
The ancient lich gestures at you while chanting.
The crystal spear hits you!!!!
* * * LOW HITPOINT WARNING * * *
The deep elf archer blinks!
The deep elf death mage beckons forth a restless soul!
The storm dragon closely misses you. You block the storm dragon's attack.
The storm dragon tramples you.
* * * LOW HITPOINT WARNING * * *
You hold your ground!
You block the tengu reaver's attack. x2
The tengu reaver claws you but does no damage.
The shadow dragon is engulfed in blazing flames.
You climb upwards.
Your summoned ally is left behind.
The battlesphere dissipates.
You feel a strong urge to attack something.
There is a stone staircase leading down, spattered with blood here.
The ancient lich gestures at you while chanting.
The bolt of acid hits you!!!
You die...

########
#....3.###############
#...L..#......(......#
#..DC@.'.............'
#...Q..#.)[..........#
#......#.)...........#
#......#.............#
########.............#
#.............#
#.............#
#..........)..#
#.........).).#


You could see an ancient lich (empowered), a storm dragon (catching breath), a
tengu reaver (empowered), an ettin and a friendly soul eater (summoned).

Vanquished Creatures
  Bai Suzhen (Vaults:3)
  Margery (Vaults:5)
  A titan (Vaults:5)
  A deep elf blademaster (Elf:2)
  2 deep elf master archers (Elf:3)
  Agnes (Snake:1)
  4 sphinxes
  2 shadow dragons
  An ancient champion (Vaults:3)
  6 storm dragons
  2 tengu reavers (Vaults:5)
  2 deep elf sorcerers
  7 nagarajas
  An orc warlord (Orc:1)
  7 vault wardens
  2 fire giants
  A frost giant (Vaults:5)
  Aizul (Snake:4)
  4 deep elf elementalists (Elf:3)
  14 ironheart preservers
  6 very ugly things
  3 war gargoyles (Vaults:5)
  6 stone giants
  An entropy weaver (Vaults:4)
  The ghost of OneTabMan the Blocker, a journeyman DDFi of Makhleb (Lair:5)
  The ghost of harness the Covert, a journeyman KoWz of Dithmenos (Elf:1)
  The ghost of Ficseq the Devastator, a journeyman DrCj of Vehumet (Lair:4)
  13 deep elf annihilators
  5 deep elf demonologists
  A lorocyproca (Snake:4)
  A minotaur (Gauntlet)
  An eidolon (Vaults:3)
  3 ettins (Vaults:4)
  3 fire dragons
  10 deep elf death magi
  Snorg (D:14)
  5 yaktaur captains
  Erolcha (D:12)
  A great orb of eyes (Vaults:2)
  Harold (D:7)
  4 ice dragons
  40 vault guards
  9 hydras
  11 naga warriors
  3 anacondas
  3 centaur warriors
  2 catoblepae
  2 death knights
  25 two-headed ogres
  3 deep troll shamans
  A tengu warrior (Gauntlet)
  2 death yaks
  20 dancing weapons
  10 ogre magi
  9 shock serpents
  2 deep troll earth magi
  2 orc high priests (Orc:2)
  8 naga sharpshooters
  Urug (D:12)
  15 deep elf knights
  A sun demon (Volcano)
  2 shadow wraiths
  5 hell knights (Vaults:5)
  A salamander mystic (Snake:4)
  The ghost of Araneus the Martial Artist, a novice DsMo of Qazlal (D:9)
  A death drake (shapeshifter) (Vaults:5)
  16 deep trolls
  A flayed ghost (Vaults:4)
  4 naga ritualists
  2 unseen horrors (D:15)
  A wizard (Vaults:2)
  7 skeletal warriors
  54 deep elf magi
  A lindwurm (shapeshifter) (Vaults:1)
  20 deep elf archers
  13 ironbrand convokers
  3 phantasmal warriors
  3 necromancers
  9 orc knights
  A lindwurm (Lair:6)
  3 oklob plants (Lair:2)
  6 harpies
  5 orc sorcerers
  8 mana vipers
  3 wolf spiders
  21 ugly things
  13 salamanders
  2 manticores
  An orb spider (shapeshifter) (Gauntlet)
  A stone giant zombie (D:15)
  A manticore (shapeshifter) (Vaults:3)
  A tengu skeleton (Vaults:2)
  13 cyclopes
  A spriggan zombie (D:15)
  A black mamba (shapeshifter) (Vaults:2)
  12 elephants (Lair:6)
  15 naga magi
  26 black mambas
  2 guardian serpents (Snake:4)
  6 vault sentinels
  11 spiny frogs
  A frost giant skeleton (Vaults:2)
  2 molten gargoyles (Volcano)
  2 gargoyles
  7 torpor snails (Lair:6)
  27 yaktaurs
  12 freezing wraiths
  10 komodo dragons
  A yaktaur zombie (D:15)
  A komodo dragon (shapeshifter) (Vaults:2)
  A rime drake (Lair:5)
  A kobold demonologist (D:13)
  3 tengu conjurers
  2 demonic crawlers (Elf:3)
  A red devil (Volcano)
  A queen bee (shapeshifter) (Vaults:3)
  10 polar bears
  A polar bear (shapeshifter) (Vaults:5)
  3 trolls
  Prince Ribbit (D:7)
  20 slime creatures
  11 hornets
  4 raiju (Lair:6)
  4 tyrant leeches (Lair:6)
  A human simulacrum (Vaults:3)
  A snapping turtle (Lair:4)
  A hippogriff (D:10)
  A harpy skeleton (D:15)
  9 blink frogs
  3 dream sheep (shapeshifter)
  A hippogriff (shapeshifter) (Vaults:2)
  2 air elementals
  40 yaks
  9 water elementals
  2 shadows
  A spriggan (shapeshifter) (Vaults:2)
  4 wyverns
  A yak (shapeshifter) (Vaults:1)
  A centaur simulacrum (D:15)
  A redback (Vaults:4)
  3 basilisks
  A wyvern (shapeshifter) (Vaults:4)
  2 fire elementals
  3 wraiths
  2 fire bats (Volcano)
  4 vampire mosquitoes (Elf:3)
  Grum (D:11)
  3 hungry ghosts
  A steam dragon (D:10)
  12 wargs
  2 human zombies
  42 nagas
  A soldier ant (shapeshifter) (Elf:1)
  2 acid dragons
  Edmund (D:5)
  2 soldier ants
  15 hell hounds
  9 porcupines
  35 orc warriors
  A sky beast (shapeshifter) (D:14)
  14 water moccasins
  6 ice beasts
  5 sky beasts
  An orc zombie (Vaults:2)
  15 black bears
  An eye of draining (D:9)
  3 phantoms
  43 wolves
  34 ogres
  12 centaurs
  15 crocodiles
  7 big kobolds
  12 bullfrogs
  A gnoll sergeant (D:11)
  A water moccasin zombie (D:6)
  2 earth elementals (Elf:2)
  A wyvern skeleton (D:13)
  9 scorpions
  11 killer bees
  8 wights
  2 electric eels (Lair:5)
  2 howler monkeys
  6 lava snakes (Volcano)
  2 centaur zombies
  3 bullfrog zombies
  9 crimson imps
  3 quasits
  3 hounds
  22 orc priests
  32 orc wizards
  A gnoll shaman (D:10)
  6 jellies
  2 bullfrog skeletons
  5 centaur skeletons
  4 iguanas
  14 worker ants
  A killer bee zombie (D:4)
  3 hound zombies
  A hound skeleton (D:5)
  A mummy (D:9)
  A worker ant zombie (D:9)
  9 gnolls
  9 river rats
  18 adders
  4 shadow imps
  3 oozes
  An adder zombie (D:10)
  An adder skeleton (D:9)
  6 worms
  5 dart slugs
  8 leopard geckos
  148 orcs
  6 giant cockroaches
  7 hobgoblins
  8 jackals
  7 quokkas
  13 bats
  6 frilled lizards
  6 goblins
  51 kobolds
  A quokka skeleton (D:7)
  23 rats
  4 fungi
  12 plants
  A withered plant (D:15)
1623 creatures vanquished.

Vanquished Creatures (collateral kills)
  A deep elf blademaster (Elf:3)
  A titan (Vaults:5)
  A tengu reaver (Vaults:4)
  2 nagarajas (Snake:4)
  A deep elf sorcerer (Elf:1)
  A vault warden (Vaults:3)
  A frost giant (Vaults:4)
  An orc warlord (Orc:2)
  A deep elf demonologist (Elf:3)
  A deep elf annihilator (Elf:3)
  2 ettins (Vaults:5)
  2 deep elf death magi (Elf:3)
  A hydra (Lair:5)
  A vault guard (Vaults:5)
  A catoblepas (Gauntlet)
  3 naga warriors (Snake:4)
  5 dancing weapons
  2 two-headed ogres
  2 shock serpents (Snake:2)
  4 naga sharpshooters
  2 deep elf knights
  2 deep trolls
  2 salamander mystics
  2 deep elf archers (Elf:1)
  A naga ritualist (Snake:4)
  A flayed ghost (D:15)
  2 deep elf magi (Elf:3)
  An orc sorcerer (Orc:1)
  An oklob plant (Lair:2)
  A salamander (shapeshifter) (Vaults:5)
  2 ugly things
  2 salamanders (Snake:4)
  A centaur zombie (D:9)
  3 black mambas
  A vault sentinel (Vaults:3)
  2 gargoyles (Gauntlet)
  2 naga magi (Snake:4)
  2 molten gargoyles (Gauntlet)
  A tengu conjurer (Gauntlet)
  A blink frog (Lair:4)
  A hippogriff (D:9)
  A yak (Lair:2)
  6 nagas (Snake:4)
  A water moccasin (Lair:5)
  9 orc warriors
  An eye of draining (shapeshifter) (D:13)
  2 ogres
  A human zombie (Vaults:2)
  3 bullfrogs
  2 big kobolds
  2 killer bees (D:9)
  A wight (D:6)
  A bullfrog zombie (D:12)
  A crimson imp (D:5)
  A hound (D:5)
  An orc priest (Orc:2)
  4 orc wizards
  A killer bee zombie (D:7)
  A hound skeleton (D:4)
  A river rat (Sewer)
  An adder (D:4)
  A leopard gecko (D:3)
  14 orcs
  A giant cockroach (D:3)
  A frilled lizard (Sewer)
  A jackal zombie (D:7)
126 creatures vanquished.

Vanquished Creatures (others)
  An ironheart preserver (Vaults:4)
  A deep elf knight (Vaults:4)
  A yaktaur (Vaults:4)
  A naga (Snake:4)
  An ogre (Vaults:4)
  An orc priest (Vaults:1)
  8 fungi
  44 plants
  2 withered plants (Snake:4)
60 creatures vanquished.

Grand Total: 1809 creatures vanquished

Notes
Turn   | Place    | Note
-------+----------+-------------------------------------------
     0 | D:1      | Clowwww the Demonspawn Fighter began the quest for the Orb.
     0 | D:1      | Reached XP level 1. HP: 18/18 MP: 1/1
    41 | D:1      | Gained mutation: You have a pair of small antennae on your
                  | head. [demonic ancestry]
    41 | D:1      | Reached XP level 2. HP: 20/24 MP: 2/2
   684 | D:1      | Gained mutation: A weak demonic guardian rushes to your
                  | aid. [demonic ancestry]
   684 | D:1      | Reached XP level 3. HP: 29/29 MP: 3/3
  1421 | D:2      | Reached XP level 4. HP: 34/35 MP: 4/4
  2272 | D:3      | Found a glowing drain.
  2295 | D:3      | Gained mutation: When seriously injured, your bleeding
                  | wounds create armour. (AC +12) [demonic ancestry]
  2295 | D:3      | Reached XP level 5. HP: 10/42 MP: 5/5
  2304 | Sewer    | Entered a sewer
  2542 | Sewer    | Reached skill level 4 in Fighting
  3073 | Sewer    | Reached XP level 6. HP: 37/48 MP: 6/6
  3421 | Sewer    | Reached skill level 1 in Dodging
  4038 | D:3      | Found a stormy altar of Qazlal.
  4038 | D:3      | Found a bloodstained altar of Trog.
  4042 | D:3      | Became a worshipper of Trog the Wrathful
  4054 | D:3      | Found an iron altar of Okawaru.
  4268 | D:3      | Found a shimmering blue altar of Sif Muna.
  4351 | D:4      | Found a sparkling altar of Nemelex Xobeh.
  4418 | D:4      | Gained mutation: When seriously injured, your bleeding
                  | wounds create thick armour. (AC +12) [demonic ancestry]
  4418 | D:4      | Reached XP level 7. HP: 37/55 MP: 7/7
  4859 | D:4      | Found a hazy altar of Hepliaklqana.
  4915 | D:4      | Reached skill level 5 in Axes
  5103 | D:4      | Reached * piety under Trog
  5129 | D:4      | Found a staircase to the Ecumenical Temple.
  5257 | D:5      | Entered Level 5 of the Dungeon
  5257 | D:5      | Found an ornate altar of the Wu Jian Council.
  5310 | D:5      | Reached skill level 5 in Fighting
  5310 | D:5      | Gained mutation: You are slightly more attuned to the
                  | shadows. [demonic ancestry]
  5310 | D:5      | Reached XP level 8. HP: 62/62 MP: 8/8
  5482 | D:5      | Got a thick robe
  5503 | D:5      | Identified the +1 robe "Uleluaf" {Dex+5} (You found it on
                  | level 5 of the Dungeon)
  5589 | D:5      | Noticed Edmund
  5600 | D:5      | Killed Edmund
  5718 | D:5      | Reached skill level 1 in Stealth
  5762 | D:5      | Found a blossoming altar of Fedhas.
  6563 | D:6      | Gained mutation: You are significantly more attuned to the
                  | shadows. [demonic ancestry]
  6563 | D:6      | Reached XP level 9. HP: 51/69 MP: 9/9
  6688 | D:6      | Reached ** piety under Trog
  6729 | D:6      | Reached skill level 5 in Armour
  7255 | D:7      | Reached skill level 6 in Fighting
  7273 | D:7      | Noticed Prince Ribbit
  7289 | D:7      | Reached skill level 5 in Shields
  7304 | D:7      | Killed Prince Ribbit
  7495 | D:7      | Noticed Harold
  7495 | D:7      | Reached *** piety under Trog
  7504 | D:7      | Killed Harold
  7504 | D:7      | Reached XP level 10. HP: 20/77 MP: 10/10
  7880 | D:7      | Found Nyng's Assorted Antiques.
  7891 | D:7      | Bought a white potion for 23 gold pieces
  8312 | D:8      | Found Rupas's Book Boutique.
  8365 | D:8      | Found a shimmering blue altar of Sif Muna.
  8441 | D:8      | Found a staircase to the Lair.
  9217 | D:9      | Found an ancient bone altar of Kikubaaqudgha.
  9240 | D:9      | Reached skill level 7 in Fighting
  9330 | D:9      | Found a transporter.
  9366 | D:9      | Noticed a skeletal warrior
  9394 | D:9      | Found a transporter.
  9397 | D:9      | Noticed Araneus's ghost (novice DsMo)
  9430 | D:9      | Reached skill level 10 in Axes
  9434 | D:9      | Killed a skeletal warrior
  9438 | D:9      | Killed Araneus's ghost
  9445 | D:9      | Gained mutation: When seriously injured, your bleeding
                  | wounds create very thick armour. (AC +12) [demonic
                  | ancestry]
  9445 | D:9      | Reached XP level 11. HP: 45/84 MP: 11/11
  9578 | D:9      | Found a basalt altar of Yredelemnul.
  9588 | D:9      | Reached **** piety under Trog
  9636 | D:9      | Found a glowing silver altar of Zin.
  9637 | D:9      | Found an opulent altar of Gozag.
  9868 | D:9      | You fall into a shaft and drop 1 floor!
  9868 | D:10     | Entered Level 10 of the Dungeon
 10203 | D:9      | Found a white marble altar of Elyvilon.
 10666 | D:10     | Got a pitted chain mail
 10682 | D:10     | Identified the cursed +1 chain mail of the Boiling Point
                  | {rC+} (You found it on level 10 of the Dungeon)
 10922 | D:10     | Found Toureur's Weapon Shop.
 11215 | D:11     | Noticed Grum
 11223 | D:11     | Killed Grum
 11428 | D:11     | Reached ***** piety under Trog
 11575 | D:11     | Noticed a two-headed ogre
 11584 | D:11     | Killed a two-headed ogre
 11584 | D:11     | Reached skill level 8 in Fighting
 11916 | D:11     | Found a staircase to the Orcish Mines.
 12006 | D:11     | Received a gift from Trog
 12034 | Orc:1    | Entered Level 1 of the Orcish Mines
 12034 | Orc:1    | Noticed an orc warlord
 12049 | Orc:1    | Killed an orc warlord
 12437 | Orc:1    | Noticed an orc sorcerer
 12439 | Orc:1    | Noticed an orc sorcerer
 12506 | Orc:1    | Killed an orc sorcerer
 12547 | Orc:1    | Killed an orc sorcerer
 13235 | D:10     | Bought the +4 war axe "Uhyhakk" {flame, rElec rF- rN+++
                  | Str+4} for 877 gold pieces
 13316 | D:11     | Gained mutation: Your magical and physical power is
                  | slightly enhanced at high health. [demonic ancestry]
 13316 | D:11     | Reached XP level 12. HP: 94/94 MP: 12/12
 13371 | D:11     | Got a pair of pitted boots
 13383 | D:11     | Identified the +4 pair of boots "Fofin" {-Cast +Blink rF+
                  | Stlth+} (You found it on level 11 of the Dungeon)
 13849 | D:12     | Noticed a death knight
 13859 | D:12     | Killed a death knight
 14115 | D:12     | Noticed a two-headed ogre
 14123 | D:12     | Killed a two-headed ogre
 14159 | D:12     | Reached skill level 9 in Fighting
 14219 | D:12     | Noticed Erolcha
 14225 | D:12     | Paralysed by Erolcha for 5 turns
 14230 | D:12     | Killed Erolcha
 14233 | D:12     | Received a gift from Trog
 14375 | D:12     | Found a shadowy altar of Dithmenos.
 14496 | D:12     | Noticed Urug
 14507 | D:12     | Killed Urug
 15622 | D:13     | Noticed a vault guard
 15622 | D:13     | Noticed a vault guard
 15622 | D:13     | Noticed a vault guard
 15623 | D:13     | Noticed a vault guard
 15625 | D:13     | Noticed a vault guard
 15627 | D:13     | Noticed a vault guard
 15634 | D:13     | Killed a vault guard
 15634 | D:13     | Gained mutation: You have a pair of antennae on your head.
                  | [demonic ancestry]
 15634 | D:13     | Reached XP level 13. HP: 90/103 MP: 11/13
 15644 | D:13     | Reached skill level 10 in Fighting
 15648 | D:13     | Found a gate to the Vaults.
 16156 | D:13     | Received a gift from Trog
 16263 | D:13     | Reached skill level 1 in Evocations
 16546 | D:14     | Reached skill level 1 in Throwing
 16609 | D:14     | Found a sacrificial altar of Ru.
 16620 | D:14     | Noticed Snorg
 16628 | D:14     | Killed Snorg
 16700 | D:14     | Found Enophych's Jewellery Shop.
 16805 | D:14     | Reached skill level 5 in Stealth
 17321 | D:15     | Entered Level 15 of the Dungeon
 17402 | D:15     | Found a staircase to the Depths.
 17759 | D:15     | Found a snail-covered altar of Cheibriados.
 17864 | D:15     | Found an opulent altar of Gozag.
 18086 | D:15     | Received a gift from Trog
 18117 | D:15     | Gained mutation: Your magical and physical power is
                  | enhanced at high health. [demonic ancestry]
 18117 | D:15     | Reached XP level 14. HP: 104/111 MP: 14/14
 18275 | D:15     | Identified a scroll of acquirement
 18285 | D:15     | Acquired 1510 gold pieces
 18470 | D:8      | Bought a manual of Fighting for 1435 gold pieces
 18888 | D:15     | Found a stormy altar of Qazlal.
 19183 | Lair:1   | Entered Level 1 of the Lair of Beasts
 19275 | Lair:1   | Reached skill level 11 in Fighting
 20464 | Lair:2   | Found a gate leading to a gauntlet.
 20471 | Gauntlet | Entered a Gauntlet
 20471 | Gauntlet | Found a transporter.
 20475 | Gauntlet | Found a transporter.
 20478 | Gauntlet | Found a transporter.
 20484 | Gauntlet | Found a transporter.
 20487 | Gauntlet | Found a transporter.
 20489 | Gauntlet | Found a transporter.
 20495 | Gauntlet | Found a runed translucent door.
 20497 | Gauntlet | Found a transporter.
 20513 | Gauntlet | Found a runed translucent door.
 20559 | Gauntlet | Found a transporter.
 20581 | Gauntlet | Found a transporter.
 20581 | Gauntlet | Found a transporter.
 20596 | Gauntlet | Found a transporter.
 20612 | Gauntlet | Found a transporter.
 20686 | Gauntlet | Reached skill level 10 in Armour
 20888 | Gauntlet | Got a twitching silver ring
 20895 | Gauntlet | Identified the ring "Ruidek" {rF+ Dex+2} (You found it in a
                  | Gauntlet)
 21388 | Lair:2   | Received a gift from Trog
 21879 | Lair:2   | Reached skill level 15 in Axes
 22474 | Lair:3   | Reached skill level 12 in Fighting
 22519 | Lair:3   | Found a dark tunnel.
 22528 | Volcano  | Entered a volcano
 22792 | Volcano  | Found a bloodstained altar of Trog.
 23782 | Lair:3   | Reached skill level 10 in Shields
 23884 | Lair:3   | Found a staircase to the Snake Pit.
 24405 | Lair:4   | Found a transporter.
 24408 | Lair:4   | Noticed Ficseq's ghost (journeyman DrCj)
 24414 | Lair:4   | Found a transporter.
 24525 | Lair:4   | Killed Ficseq's ghost
 24525 | Lair:4   | Reached XP level 15. HP: 79/122 MP: 15/15
 25167 | Lair:4   | Found a staircase to the Shoals.
 25651 | Lair:5   | Received a gift from Trog
 26386 | Lair:5   | Found a runed translucent door.
 26386 | Lair:5   | Found a shimmering altar of Xom.
 26386 | Lair:5   | Noticed OneTabMan's ghost (journeyman DDFi)
 26403 | Lair:5   | Killed OneTabMan's ghost
 26744 | Lair:6   | Entered Level 6 of the Lair of Beasts
 26816 | Lair:6   | Reached skill level 13 in Fighting
 26825 | Lair:6   | Reached ****** piety under Trog
 27057 | Lair:6   | Found a runed translucent door.
 27635 | Lair:6   | Received a gift from Trog
 27677 | Lair:6   | Found a staircase to the Slime Pits.
 27727 | Lair:6   | Found a viscous altar of Jiyva.
 28290 | Lair:6   | Identified the Grimoire of Assistive Ice
 28296 | Lair:6   | Identified Sif Muna's Incunabulum of Conjuration and
                  | Creation
 28425 | Lair:6   | Reached skill level 14 in Fighting
 29113 | Orc:2    | Entered Level 2 of the Orcish Mines
 29114 | Orc:2    | Found Mekite's Book Shop.
 29128 | Orc:2    | Found a staircase to the Elven Halls.
 29283 | Orc:2    | Found a roughly hewn altar of Beogh.
 29432 | Orc:2    | Found a roughly hewn altar of Beogh.
 29433 | Orc:2    | Received a gift from Trog
 29472 | Orc:2    | Found a roughly hewn altar of Beogh.
 29643 | Orc:2    | Found a roughly hewn altar of Beogh.
 29658 | Orc:2    | Found Mugh's Book Shop.
 29747 | Orc:2    | Noticed an orc warlord
 29757 | Orc:2    | Killed an orc warlord
 29757 | Orc:2    | Gained mutation: You have a pair of large antennae on your
                  | head. (SInv) [demonic ancestry]
 29757 | Orc:2    | Reached XP level 16. HP: 102/133 MP: 16/16
 29770 | Orc:2    | Found Rogig's Antique Weapon Boutique.
 29770 | Orc:2    | Found Rubiuq's Antique Armour Shop.
 29773 | Orc:2    | Found a roughly hewn altar of Beogh.
 29899 | Orc:2    | Bought a slimy chain mail for 247 gold pieces
 29899 | Orc:2    | Bought a dazzling scale mail for 234 gold pieces
 29974 | Orc:2    | Found a roughly hewn altar of Beogh.
 29980 | Orc:2    | Found Huoco's Antique Armour Shoppe.
 29985 | Orc:2    | Gained mutation: You are dopey. (Int -2) [a neqoxec]
 29988 | Orc:2    | Received a gift from Trog
 29991 | Orc:2    | Got a bloodstained quarterstaff {god gift}
 30068 | Orc:2    | Found a roughly hewn altar of Beogh.
 30099 | Orc:2    | Found a roughly hewn altar of Beogh.
 30163 | Orc:2    | Identified the +9 chain mail of Calculation {Slay+3} (You
                  | bought it in a shop on level 2 of the Orcish Mines)
 30173 | Orc:2    | Identified the +2 scale mail of Uskayaw's Favour {rCorr}
                  | (You bought it in a shop on level 2 of the Orcish Mines)
 30289 | Elf:1    | Entered Level 1 of the Elven Halls
 30628 | Elf:1    | Found a runed translucent gate.
 30629 | Elf:1    | Noticed harness's ghost (journeyman KoWz)
 30724 | Elf:1    | Found a runed translucent gate.
 30724 | Elf:1    | Found a runed translucent gate.
 30996 | Elf:1    | Reached skill level 5 in Dodging
 31001 | Elf:1    | Found a gateway to a bazaar.
 31016 | Bazaar   | Entered a bazaar
 31030 | Bazaar   | Found Tashiy's Book Emporium.
 31032 | Bazaar   | Found Hatizu's Food Emporium.
 31066 | Bazaar   | Found Kofoen's Weapon Shoppe.
 31078 | Bazaar   | Found Juano's Assorted Antiques.
 31084 | Bazaar   | Bought a potion of heal wounds for 170 gold pieces
 31084 | Bazaar   | Bought a scroll labeled LUULOEDW FYFE for 34 gold pieces
 31084 | Bazaar   | Bought a potion of curing for 102 gold pieces
 31814 | Elf:1    | Killed harness's ghost
 31947 | Elf:2    | Reached skill level 15 in Fighting
 31999 | Elf:2    | Received a gift from Trog
 32516 | Elf:2    | Found a runed translucent gate.
 32516 | Elf:2    | Found a runed translucent gate.
 32517 | Elf:2    | Found a runed translucent gate.
 33982 | Elf:3    | Entered Level 3 of the Elven Halls
 34096 | Elf:3    | Received a gift from Trog
 34309 | Elf:3    | Reached skill level 16 in Fighting
 34349 | Elf:3    | Reached XP level 17. HP: 144/144 MP: 17/17
 34359 | Elf:3    | Noticed a deep elf master archer
 34361 | Elf:3    | Noticed a deep elf blademaster
 34366 | Elf:3    | Noticed an Ice Fiend
 34367 | Elf:3    | Noticed a deep elf blademaster
 34369 | Elf:3    | Noticed a deep elf master archer
 34376 | Elf:3    | Killed a deep elf master archer
 34399 | Elf:2    | Killed a deep elf blademaster
 34723 | Elf:3    | Noticed an Ice Fiend
 34738 | Elf:3    | Killed a deep elf blademaster
 34747 | Elf:3    | Killed a deep elf master archer
 34747 | Elf:3    | Noticed a Tzitzimitl
 35529 | Elf:3    | Received a gift from Trog
 35852 | Elf:3    | Identified the ring of Yroqe {Ice rN+}
 36084 | Elf:3    | Got a jewelled flail
 36209 | Elf:3    | Identified the +3 flail of the Witching Bear {vorpal,
                  | Str+4} (You found it on level 3 of the Elven Halls)
 36523 | Snake:1  | Entered Level 1 of the Snake Pit
 36720 | Snake:1  | Got a bloodstained hand axe
 36721 | Snake:1  | Identified the +9 hand axe "Doze" {flame, Str+7} (You found
                  | it on level 1 of the Snake Pit)
 36890 | Snake:1  | Got a pitted demon blade
 36891 | Snake:1  | Identified the +8 demon blade of Grandeur {vamp, +Rage
                  | rElec rN+} (You found it on level 1 of the Snake Pit)
 36968 | Snake:1  | Reached skill level 17 in Fighting
 37901 | Snake:1  | Noticed Agnes
 37917 | Snake:1  | Killed Agnes
 39708 | Snake:2  | Reached XP level 18. HP: 119/155 MP: 18/18
 40337 | Snake:3  | Found Ogo Rue's Gadget Boutique.
 40338 | Snake:3  | Found Kitohoga's Jewellery Shoppe.
 40338 | Snake:3  | Found Sodd's Gadget Boutique.
 41214 | Snake:3  | Received a gift from Trog
 41288 | Snake:3  | Found Imoicw's Assorted Antiques.
 41371 | Snake:4  | Entered Level 4 of the Snake Pit
 41429 | Snake:4  | Found a runed translucent door.
 41435 | Snake:4  | Found a flickering gateway to a bazaar.
 41447 | Bazaar   | Entered a bazaar
 41485 | Bazaar   | Found Qum Ucva's Distillery.
 41491 | Bazaar   | Found Qibroer's General Store.
 41505 | Bazaar   | Found Gattiufa's Assorted Antiques.
 41511 | Bazaar   | Found Teiss's Gadget Shoppe.
 41516 | Bazaar   | Found Biucedud's Distillery.
 41522 | Bazaar   | Bought a potion of heal wounds for 35 gold pieces
 41522 | Bazaar   | Bought 2 potions of curing for 42 gold pieces
 41522 | Bazaar   | Bought a potion of might for 28 gold pieces
 41522 | Bazaar   | Bought a potion of heal wounds for 35 gold pieces
 41533 | Bazaar   | Bought a wand of clouds (5) for 324 gold pieces
 41533 | Bazaar   | Bought a scroll of magic mapping for 94 gold pieces
 41547 | Bazaar   | Bought a wand of iceblast (8) for 144 gold pieces
 41554 | Bazaar   | Bought a potion of curing for 51 gold pieces
 41554 | Bazaar   | Bought a potion of heal wounds for 85 gold pieces
 41554 | Bazaar   | Bought a potion of heal wounds for 85 gold pieces
 41554 | Bazaar   | Bought a potion of might for 68 gold pieces
 41554 | Bazaar   | Bought a potion of cancellation for 136 gold pieces
 41709 | Snake:4  | Noticed Aizul
 41734 | Snake:4  | Killed Aizul
 42157 | Snake:4  | Noticed execc's ghost (adept CeBe)
 42432 | Snake:4  | Received a gift from Trog
 42632 | Snake:4  | HP: 1/156 [lorocyproca[a Zot trap] (21)]
 43880 | Snake:4  | Got a serpentine rune of Zot
 44194 | Vaults:1 | Entered Level 1 of the Vaults
 44507 | Vaults:1 | Reached skill level 18 in Fighting
 44803 | Vaults:1 | Found Beofumasi's Book Emporium.
 45132 | Vaults:1 | Identified the +8 hand axe of the Blind Eye {freeze, MR+
                  | Int+4 Dex+4}
 45237 | Vaults:1 | Reached XP level 19. HP: 119/163 MP: 20/20
 45468 | Vaults:1 | Received a gift from Trog
 46187 | Vaults:2 | Reached skill level 15 in Shields
 46580 | Vaults:2 | Received a gift from Trog
 47396 | Vaults:2 | Found Mietoles's Antique Armour Shoppe.
 47402 | Vaults:2 | Bought a scorched scale mail for 324 gold pieces
 47402 | Vaults:2 | Bought a faintly humming ring mail for 324 gold pieces
 47402 | Vaults:2 | Bought the +0 pair of fencer's gloves {Riposte Dex+3} for
                  | 1440 gold pieces
 47402 | Vaults:2 | Found the +0 pair of fencer's gloves {Riposte Dex+3}
 47404 | Vaults:2 | Identified the +2 ring mail "Eshedwoim" {rF+++ rC- Str-5
                  | Int+9} (You bought it in a shop on level 2 of the Vaults)
 47405 | Vaults:2 | Identified the +1 scale mail "Hojup" {Str+7 Stlth+} (You
                  | bought it in a shop on level 2 of the Vaults)
 47742 | Vaults:3 | Found Fieku's Armour Boutique.
 48055 | Vaults:3 | Found Jeuf's Antique Armour Shoppe.
 48167 | Vaults:3 | Noticed Bai Suzhen
 48188 | Vaults:3 | Killed Bai Suzhen
 48802 | Vaults:3 | Received a gift from Trog
 48937 | Vaults:3 | Reached XP level 20. HP: 172/172 MP: 21/21
 49269 | Vaults:3 | Reached skill level 19 in Fighting
 49836 | Vaults:3 | Found a staircase to the Crypt.
 50234 | Vaults:4 | Received a gift from Trog
 51429 | Vaults:4 | Received a gift from Trog
 52387 | Vaults:4 | Gained mutation: A demonic guardian rushes to your aid.
                  | [demonic ancestry]
 52387 | Vaults:4 | Reached XP level 21. HP: 148/182 MP: 22/22
 52734 | Vaults:5 | Entered Level 5 of the Vaults
 52735 | Vaults:5 | Noticed Margery
 52750 | Vaults:5 | Received a gift from Trog
 52759 | Vaults:5 | Killed Margery
 52772 | Vaults:5 | Reached skill level 20 in Fighting
 53105 | Vaults:5 | Identified the cursed +1 morningstar "Jeriubi" {vamp, +Fly
                  | Int+3}
 53137 | Vaults:5 | Noticed an ancient lich
 53552 | Vaults:5 | Received a gift from Trog
 53557 | Vaults:4 | Killed from afar by an ancient lich

Illustrated notes

Levels and vault maps discovered:
D:1:      eino_arrival_water_cross, layout_basic, minmay_misc_feat_four_crosses
D:2:      layout_basic
D:3:      layout_basic, okawaru_trees_2, lemuel_blue_sif_altar,
          gammafunk_temple_overflow_elements, portal_sewer_entry_a, first_ration
D:4:      layout_rooms, lemuel_doored_altar, kennysheep_little_box,
          minmay_temple_entry_crystal_x
D:5:      layout_gridville, overflow_temple_1_default, kennysheep_mini,
          uniq_edmund
D:6:      layout_basic, corner_web_ring, kb_rosetta
D:7:      layout_rooms, serial_shops, shop_statue, uniq_harold,
          uniq_prince_ribbit1
D:8:      layout_loops_ring, erik_lair_orcish_takeover, basic_altar,
          serial_shops, nicolae_shop_waterfront
D:9:      layout_loops_ring, grunt_temple_overflow_gold_and_silver,
          marbit_many_paths, kiku_gazebo_pond_becter, gammafunk_ghost_mausoleum,
          grunt_ogre_cave, yredelemnul_altar_generic
D:10:     layout_loops_cross, serial_shops, kennysheep_mini_moat,
          kennysheep_generic_room_14
D:11:     layout_roguey, hiddenorc2_lemuel, uniq_grum
D:12:     layout_roguey, grunt_dithmenos_smoke, uniq_erolcha, uniq_urug
D:13:     layout_small_grid, erik_vaults_2, grunt_decor_cap
D:14:     layout_gridville, serial_shops, shop, nicolae_ru_awakened_eye,
          uniq_snorg
D:15:     gammafunk_depths_entry_grave, layout_small_grid,
          kennysheep_flooded_box, hangedman_feature_mirror
Lair:1:   dragon1_lemuel, layout_loops_ring
Lair:2:   layout_chaotic_city, gauntlet_entry_generic,
          minmay_lair_oklob_chamber, serial_bayou_shore_a, grunt_megastairs_5
Lair:3:   layout_loops_ring, minmay_snake_entry_guardpost_large,
          nicolae_volcano_entry_hallway
Lair:4:   layout_gridlike, minmay_shoals_entry_hut, gammafunk_ghost_arena,
          hangedman_lair_unloving_vines, minivault_27, nicolae_lair_yak_garden
Lair:5:   layout_cave_pods, ebering_ghost_xom,
          eino_small_chamber_without_monster, serial_bayou_pond_b,
          nicolae_quartered_pool_medium, infiniplex_staircase_pool_2
Lair:6:   hangedman_lair_caniforms_friends, layout_misc_corridors, wormcave,
          slime_altar_1, serial_bayou_lagoon_a, lemuel_fruit_tree
Snake:1:  layout_layer_cave, special_room, uniq_agnes
Snake:2:  layout_chambers
Snake:3:  layout_onion, serial_shops, nicolae_shop_crystal, serial_bayou_pond_d,
          minmay_shop_grove
Snake:4:  minmay_snake_end_coiled, layout_onion_interference, serial_shops,
          bzr_entry_safe, gammafunk_ghost_grave, uniq_aizul
Orc:1:    layout_diamond_mine, guppyfry_library_mini
Orc:2:    grunt_orc_community_town_hall, layout_caves,
          grunt_orc_community_big_house_2, grunt_orc_community_big_house_1,
          grunt_orc_community_house_3, grunt_orc_community_house_1,
          grunt_orc_community_house_2, grunt_orc_community_house_2,
          grunt_orc_community_house_1, basic_altar, serial_shops, shop,
          david_defended_altar_orc
Elf:1:    layout_loops_corners, serial_shops, bzr_entry_dummy,
          gammafunk_ghost_split, minivault_28
Elf:2:    layout_geoelf_octagon, lemuel_elevator
Elf:3:    grunt_elf_hall_asides, layout_gridlike, hex_intersection,
          einodemon_crawler_minivault
Vaults:1: st_quartered_hall, ontoclasm_vaults_loading_screen,
          nicolae_vaults_little_squares_1, v_misc_4, v_misc_5,
          vaults_room_stairs_pillars, hangedman_vaults_impose,
          nicolae_vaults_alarming, v_misc_15, vaults_room_pools,
          dpeg_vaults_monster_row, nicolae_vaults_specimen_jars,
          ontoclasm_vaults_decontamination, layout_vaults_omnicross,
          serial_shops, shop_coins
Vaults:2: serial_ice_g, hangedman_vaults_locks, v_rooms_1, vaults_room_boxed,
          v_alt_pattern_2, vaults_room_semicircle, hangedman_vaults_trim,
          v_misc_28, vaults_room_semicircle, layout_vaults_omnibox,
          serial_shops, shop
Vaults:3: hangedman_vaults_stream, nicolae_vaults_network_s,
          nicolae_vaults_yaktaur_gun_rack, nicolae_vaults_rhombus_6,
          ontoclasm_vaults_eye, minmay_crypt_entry_simple_round,
          layout_vaults_omnigrid, serial_shops, nicolae_shop_waterfront,
          nicolae_shop_behind_doors, uniq_bai_suzhen
Vaults:4: v_misc_12, ontoclasm_vaults_tryst, v_alt_pattern_2, v_misc_22,
          hangedman_vaults_slither, nicolae_vaults_stairing_the_circle,
          v_misc_25, nicolae_vaults_asterisk, v_pattern_4,
          ontoclasm_vaults_twist, hangedman_vaults_trim,
          nicolae_vaults_rhombus_6, ontoclasm_vaults_gateway,
          layout_vaults_maze_bifur
Vaults:5: uniq_margery

Skill      XL: |  1  2  3  4  5  6  7  8  9 10 11 12 13 14 15 16 17 18 19 20 21 |
---------------+----------------------------------------------------------------+-----
Armour         | 3 4 5 7 8 9 10 11 12 13 14 | 14.6
Shields        | 3 4 5 6 7 8 9 10 11 12 13 14 15 16 17 | 17.1
Axes           | 2 3 4 5 7 9 10 11 13 14 15 16 17 18 19 | 19.6
Fighting       | 4 5 6 7 8 9 10 12 14 16 17 18 19 20 | 20.3
Dodging        | 1 2 3 4 5 |  5.9
Stealth        | 1 2 3 4 5 6 7 8 9 |  9.9
Evocations     | 1 |  1.5
Throwing       | 1 2 3 |  3.7

Action                   |  1- 3 |  4- 6 |  7- 9 | 10-12 | 13-15 | 16-18 | 19-21 || total
-------------------------+-------+-------+-------+-------+-------+-------+-------++-------
Melee: War axe           |   136 |   263 |   268 |   809 |  1081 |  1182 |   949 ||  4688
Throw: Javelin           |       |       |     3 |     2 |       |       |       ||     5
       Boomerang         |       |       |       |       |    54 |    16 |    13 ||    83
Invok: Berserk           |       |       |     2 |     5 |     2 |     5 |     6 ||    20
       Trog's Hand       |       |       |     1 |     1 |       |     2 |     6 ||    10
       Brothers in Arms  |       |       |       |     2 |     2 |    10 |     9 ||    23
Evoke: Wand              |       |       |     4 |     1 |     3 |     6 |       ||    14
  Use: Scroll            |       |    13 |     3 |    13 |    18 |    15 |     6 ||    68
       Potion            |       |     1 |       |       |       |    10 |     1 ||    12
 Stab: Distracted        |       |     2 |     5 |     4 |    16 |    17 |    16 ||    60
       Sleeping          |       |       |     6 |    25 |     9 |     9 |    10 ||    59
       Confused          |       |       |       |       |     1 |     6 |       ||     7
  Eat: Chunk             |     2 |    10 |     9 |    32 |    23 |    19 |    26 ||   121
       Ration            |       |       |     1 |     1 |     7 |    12 |     3 ||    24
Armor: Scale mail        |    87 |   166 |   128 |   171 |       |       |       ||   552
       Plate armour      |       |       |       |   150 |   411 |   447 |   351 ||  1359
       Chain mail        |       |       |       |       |       |    16 |       ||    16
Dodge: Dodged            |    52 |   113 |   108 |   239 |   230 |   195 |   271 ||  1208
Block: Kite shield       |    90 |   166 |   160 |   389 |   789 |   843 |   890 ||  3327
       Reflection        |       |       |       |       |    15 |   118 |    63 ||   196
       Rpst.: War axe    |       |       |       |       |       |       |    33 ||    33
